 Dungeon Crawl Stone Soup version 0.31-a0-940-gdaa99269f9 (webtiles) character file.

Game seed: 14831760140945572953

109 Error4North the Changeling (level 4, 0/36 HPs)
             Began as a Draconian Shapeshifter on Oct 21, 2023.
             Killed from afar by an orc wizard (2 damage)
             ... with a puff of flame
             ... on level 3 of the Dungeon.
             The game lasted 00:04:51 (1577 turns).

Error4North the Changeling (Draconian Shapeshifter) Turns: 1577, Time: 00:04:54

Health: 0/36       AC:  5    Str: 18    XL:     4   Next: 60%
Magic:  4/4        EV: 12    Int: 11    God:
Gold:   108        SH:  0    Dex: 10    Spells: 3/3 levels left

rFire   . .          .
                       - Unarmed
rCold   . . .        (no shield)
rNeg    . . .        (body armour unavailable)
rPois   +            p - melded +1 hat
rElec   .            (cloak currently unavailable)
rCorr   .            (gloves currently unavailable)
SInv    .            (boots currently unavailable)
Will    .....        (no amulet)
Stlth   +            l - ring of poison resistance
HPRegen 0.26/turn    (no ring)
MPRegen 0.09/turn

%: no passive effects
@: mighty, brilliant, lethally poisoned (0 -> -11), beast-form
A: beast (slay +2), AC +5, unfitting armour, cold-blooded
a: Begin Untransformation


You were on level 3 of the Dungeon.
You were a hulking beast.
You visited 1 branch of the dungeon, and saw 3 of its levels.

You collected 108 gold pieces.

Inventory:

Armour
 p - a +1 hat (melded)
Jewellery
 l - a ring of poison resistance (left hand)
Talismans
 b - a beast talisman (active)
 c - a flux talisman
Scrolls
 e - 2 scrolls of identify {unknown}
 h - a scroll of torment {unknown}
 j - a scroll of amnesia {unknown}
 n - a scroll of vulnerability {unknown}
 o - a scroll of revelation {unknown}
 q - a scroll of poison {unknown}
 r - a scroll of noise {unknown}
Potions
 a - 5 potions of lignification
 i - a potion of might
 k - 3 potions of attraction {unknown}
 m - a potion of degeneration {unknown}


   Skills:
 * Level 2.0 Fighting
 + Level 2.0 Dodging
 + Level 3.9 Unarmed Combat
 * Level 4.2 Shapeshifting


You had 3 spell levels left.
You didn't know any spells.
Your spell library contained the following spells:

 Spells                   Type           Power      Damage    Failure   Level
 Ozocubu's Armour         Ice            0%         N/A       71%         3
 Cause Fear               Hex            0%         N/A       98%         4
 Fireball                 Conj/Fire      0%         3d3       100%        5
 Ozocubu's Refrigeration  Ice            0%         4d7       100%        7
 Dragon's Call            Summ           0%         N/A       100%        9


Dungeon Overview and Level Annotations

Branches:
Dungeon (3/15)

Altars:
Fedhas

Shops:
D:2 *


Innate Abilities, Weirdness & Mutations

You are a hulking beast.
Your limbs bulge with bestial killing power. (Slay +2)
Your plain brown scales are hard. (AC +5)
You cannot fit into any form of body armour.
You are cold-blooded and may be slowed by cold attacks.


Message History

The orc wizard hits you with a +2 dagger of venom.
You bump into the rock wall.
The orc wizard hits you with a +2 dagger of venom.
You bump into the rock wall.
The orc wizard casts a spell.
The orc wizard flickers and vanishes!
Deactivating autopickup; reactivate with Ctrl-A.
You bump into the rock wall.
You hear some strange, mumbled words.
A magic dart appears from out of thin air!
The magic dart hits you!
* * * LOW HITPOINT WARNING * * *
The orc throws a boomerang.
The boomerang hits you.
* * * LOW HITPOINT WARNING * * *
You are too confused!
It was a potion of curing.
You feel better. Something hits you but does no damage.
You are poisoned.
As you read the scroll labelled LAJIYTWEUCE, it crumbles to dust.
It is a scroll of brand weapon.
The +0 flail projects an invisible shield of force! a +0 flail of protection You feel very sick.
Something hits you.
You are lethally poisoned!
It was a potion of brilliance.
You feel clever all of a sudden.
* * * LOW HITPOINT WARNING * * *
You feel very sick. Something hits you.
* * * LOW HITPOINT WARNING * * *
The orc throws a boomerang.
The boomerang misses you.
It was a potion of might.
You feel very mighty all of a sudden.
* * * LOW HITPOINT WARNING * * *
You feel very sick.
You hear some strange, mumbled words.
A puff of flame appears from out of thin air!
The puff of flame hits you.
You die...

.##### ..o..# .o...#
#... .....# .... .....
##..## ### ... ..>..#
#<#########.# ######
.....# #.#...h{o...#
#..... .....#
#.#.##############.....
.....#
#.#.##.####......#.....
.†...##
#.#.#.......####.#.....
.†....# #.#....######
#.#.....
#####.#####.####.#######
#.#.....
#...................#
#.#...†.
#.#..###.#..........#
#.#.....
#>#......#..........#
#.#.....


You could see an orc.

Vanquished Creatures
  An orc priest (D:3)
  3 adders
  2 worms (D:2)
  A dart slug (D:1)
  An orc (D:3)
  A bat (D:1)
  5 endoplasms
  3 giant cockroaches
  3 goblins
  7 hobgoblins
  2 jackals (D:1)
  A quokka (D:3)
  4 ball pythons
  4 frilled lizards
  4 kobolds
  2 rats (D:1)
44 creatures vanquished.

Notes
Turn   | Place    | Note
-------+----------+-------------------------------------------
     0 | D:1      | Error4North the Draconian Shapeshifter began the quest for
                  | the Orb.
     0 | D:1      | Reached XP level 1. HP: 16/16 MP: 1/1
   297 | D:1      | Reached XP level 2. HP: 23/23 MP: 2/2
   310 | D:1      | Found a faded altar of an unknown god.
   664 | D:2      | Reached XP level 3. HP: 28/28 MP: 3/3
   786 | D:2      | Found Rubbafy's Assorted Antiques.
  1355 | D:3      | Reached skill level 4 in Shapeshifting
  1398 | D:3      | Reached XP level 4. HP: 36/36 MP: 4/4
  1442 | D:3      | Found a blossoming altar of Fedhas.
  1577 | D:3      | Killed from afar by an orc wizard

Illustrated notes

Levels and vault maps discovered:
D:1:      lemuel_arrival_hallway, layout_basic,
          dreamdust_ecumenical_altar_hidden_monk_grotto
D:2:      layout_basic, serial_shops,
          nicolae_shop_temple_entry_statues_fountains
D:3:      layout_basic, fedhas_altar_3, serial_shops,
          nicolae_shop_bloodbath_and_beyond, minmay_quadrilaterals

Skill      XL: |  1  2  3  4 |
---------------+-------------+-----
Shapeshifting  | 4 |  4.2
Fighting       | 2 |  2.0
Dodging        | 2 |  2.0
Unarmed Combat | |  3.9

Action                     |  1- 3 |  4- 6 || total
---------------------------+-------+-------++-------
  Melee: Unarmed           |    78 |    25 ||   103
         Tailslap          |     9 |     4 ||    13
         Punch             |     3 |       ||     3
    Use: Potion            |       |     3 ||     3
         Scroll            |       |     1 ||     1
 Armour: Skin              |    28 |    14 ||    42
  Dodge: Dodged            |    54 |    11 ||    65
         Form:             |     1 |       ||     1
         Beast             |       |     1 ||     1

Table legend: (Time is in decaauts)
 A = Elapsed time spent in this place.
 B = Non-inter-level travel time spent in this place.
 C = Inter-level travel time spent in this place.
 D = Time resting spent in this place.
 E = Time spent auto-exploring this place.
 F = Levels seen in this place.
 G = Mean time per level.
                   A        B        C        D        E       F      G
               +--------+--------+--------+--------+--------+-----+--------+
         Total |   1574 |   1559 |     15 |     29 |   1123 |   3 |  524.7 |
       Dungeon |   1574 |   1559 |     15 |     29 |   1123 |   3 |  524.7 |
               +--------+--------+--------+--------+--------+-----+--------+

Top non-repeatable levels by time:
     D:2: 747 daAuts
     D:1: 568 daAuts
     D:3: 258 daAuts
